 Dungeon Crawl Stone Soup version 0.27-a0-920-gb2bd10914a (webtiles) character file.

Game seed: 484794188610060099

225 harryhousin the Covered (level 5, -3/45 HPs)
             Began as a Demigod Fighter on Apr 9, 2021.
             Slain by an orc wizard
             ... wielding a +0 dagger
              (4 damage)
             ... on level 3 of the Dungeon.
             The game lasted 00:11:10 (3565 turns).

harryhousin the Covered (Demigod Fighter)           Turns: 3565, Time: 00:11:12

Health: -3/45      AC: 10    Str: 17    XL:     5   Next: 40%
Magic:  0/7        EV: 11    Int: 14    God:
Gold:   149        SH:  9    Dex: 13    Spells: 4/4 levels left

rFire    . . .     SeeInvis .   a - +0 trident
rCold    . . .     Faith    .   c - +0 kite shield
rNeg     . . .     Spirit   +   b - +0 scale mail
rPois    .         Reflect  .   (no helmet)
rElec    .         Harm     .   e - +2 cloak
rCorr    .         Rampage  .   (no gloves)
Will     .....                  (no boots)
Stlth    ..........             n - amulet of guardian spirit
HPRegen  0.15/turn              h - +4 ring of evasion
MPRegen  0.10/turn              (no ring)

@: no status effects
A: high mp 1, forlorn
a: no special abilities


You were on level 3 of the Dungeon.
You visited 1 branch of the dungeon, and saw 4 of its levels.

You collected 149 gold pieces.

Inventory:

Hand Weapons
 a - a +0 trident (weapon)
Armour
 b - a +0 scale mail (worn)
 c - a +0 kite shield (worn)
 e - a +2 cloak (worn)
Magical Staves
 l - a staff of air
Jewellery
 h - a +4 ring of evasion (left hand)
 n - an amulet of guardian spirit (around neck)
Scrolls
 d - 3 scrolls of teleportation {unknown}
 f - 4 scrolls of identify {unknown}
 g - 2 scrolls of brand weapon {unknown}
 j - a scroll of noise {unknown}
 m - a scroll of silence {unknown}
 o - a scroll of enchant weapon {unknown}
 q - a scroll of enchant armour {unknown}
Potions
 i - 2 potions of ambrosia {unknown}
 k - 2 potions of curing
 p - a potion of mutation {unknown}


   Skills:
 + Level 3.5 Fighting
 * Level 3.5 Polearms
 + Level 3.6 Armour
 + Level 3.5 Shields


You had 4 spell levels left.
You didn't know any spells.
Your spell library contained the following spells:

 Spells                   Type           Power      Damage    Failure   Level
 Confusing Touch          Hex            0%         N/A       100%        3
 Gell's Gravitas          Tloc           0%         N/A       100%        3
 Petrify                  Tmut/Erth      0%         N/A       100%        4
 Metabolic Englaciation   Hex/Ice        0%         N/A       100%        5
 Yara's Violent Unravell  Hex/Tmut       0%         3d3       100%        5


Dungeon Overview and Level Annotations

Branches:
Dungeon (4/15)
 Temple: D:4-7


Innate Abilities, Weirdness & Mutations

Your attributes grow dramatically as you level up.
You have an increased reservoir of magic. (+10% MP)
You shall have no god before yourself.


Message History

Something hits you.
You closely miss something. Something hits you but does no damage.
You miss something. Something hits you but does no damage.
You hit something. Something hits you. Something hits you but does no damage.
You barely miss something. Something hits you.
You hit something. You block something's attack. x2
You barely miss something.
You hear some strange, mumbled words.
A magic dart appears from out of thin air!
The magic dart hits you!
* * * LOW HITPOINT WARNING * * *
Something hits you but does no damage.
You climb upwards.
Reactivating autopickup.
There is a stone staircase leading down here.
Deactivating autopickup; reactivate with Ctrl-A.
You completely miss something. Something hits you but does no damage.
You miss something. Something hits you but does no damage.
You hear some strange, mumbled words.
Something tries to affect you, but you resist.
You miss something. Something hits you but does no damage.
You closely miss something. Something hits you.
* * * LOW HITPOINT WARNING * * *
You miss something.
You hear some strange, mumbled words.
A puff of flame appears from out of thin air!
The puff of flame hits you!
* * * LOW HITPOINT WARNING * * *
Something hits you but does no damage.
You miss something. Something hits you but does no damage.
You barely miss something.
An orc wizard appears from thin air!
Reactivating autopickup.
The orc wizard hits you but does no damage.
You hit the orc wizard but do no damage.
The orc wizard is almost dead.
The orc wizard points at you and mumbles some strange words.
The magic dart hits you.
* * * LOW HITPOINT WARNING * * *
The orc wizard hits you with a +0 dagger.
You die...

#.###.# ##.#.##........#.# # #.#
#.### #.........####.#.# # #.#
#...#####....#.#..# #.#.# # #.#
#.#...............####.#.####
#.###..♣†♣♣P......#...#.##.......
......♣♣♣♣♣♣.P..........####.####
P....P♣♣♣...P##...........##.#
PP....♣♣P...####o#..#.#.#.##.#
P..#P♣♣♣..#.##.#@#..#...#.##.#
P.##.P...##.........#..##.##.#
..##.PP........#.#.....##.##.#
......♣........#.#####.##.##.#
#####..#########.# #....##.# ####
#.###########.# #.............#
###############


You could see an orc wizard.

Vanquished Creatures
  A hound (D:3)
  Terence (D:2)
  Natasha (D:2)
  A howler monkey skeleton (D:3)
  6 adders (D:2)
  4 worms
  3 dart slugs
  5 orcs
  7 ball pythons
  6 endoplasms
  4 giant cockroaches
  3 goblins
  4 hobgoblins
  4 jackals (D:2)
  A quokka (D:1)
  7 bats
  2 frilled lizards (D:1)
  2 kobolds (D:1)
  2 rats (D:3)
64 creatures vanquished.

Notes
Turn   | Place    | Note
-------+----------+-------------------------------------------
     0 | D:1      | harryhousin the Demigod Fighter began the quest for the
                  | Orb.
     0 | D:1      | Reached XP level 1. HP: 18/18 MP: 3/3
   217 | D:1      | Reached XP level 2. HP: 25/25 MP: 4/4
   765 | D:2      | Reached XP level 3. HP: 18/31 MP: 5/5
  1118 | D:2      | Reached XP level 4. HP: 36/38 MP: 6/6
  1637 | D:2      | Noticed Natasha
  1653 | D:2      | Killed Natasha
  2052 | D:2      | Noticed Terence
  2067 | D:2      | Killed Terence
  2626 | D:3      | Reached XP level 5. HP: 41/45 MP: 4/7
  3562 | D:3      | HP: 2/45 [something/puff of flame (8)]
  3565 | D:3      | Slain by an orc wizard

Illustrated notes

Levels and vault maps discovered:
D:1:      psy_arrival_fountain, layout_basic,
          shapermc_ecumenical_altar_mp_highgroup
D:2:      minmay_recursive_quarters, layout_loops_ring,
          small_statue_intersection, corner_web_ring, uniq_terence, uniq_natasha
D:3:      minmay_wonky_spiral, layout_basic, serial_forest,
          infiniplex_forest_straight_3, infiniplex_forest_clump_double,
          infiniplex_forest_lined_4_way, infiniplex_forest_lined_room_3,
          infiniplex_forest_end_2, infiniplex_forest_clump_large,
          infiniplex_forest_straight_2, infiniplex_forest_clump_medium,
          infiniplex_forest_clump_curved, infiniplex_forest_clump_tiny
D:4:      layout_cave_pools, hangedman_abyss_or_decor_passed, uniq_ijyb,
          uniq_eustachio, uniq_pikel, uniq_edmund, uniq_grinder,
          uniq_blork_the_orc

Skill      XL: |  1  2  3  4 |
---------------+-------------+-----
Polearms       | 2 3 |  3.5
Armour         | 3 |  3.6
Fighting       | 3 |  3.5
Shields        | 3 |  3.5

Action                   |  1- 3 |  4- 6 || total
-------------------------+-------+-------++-------
Melee: Trident           |   127 |   182 ||   309
  Use: Potion            |     1 |       ||     1
Armor: Scale mail        |    65 |    85 ||   150
Dodge: Dodged            |    58 |    79 ||   137
Block: Kite shield       |    68 |   101 ||   169

Table legend: (Time is in decaauts)
 A = Elapsed time spent in this place.
 B = Non-inter-level travel time spent in this place.
 C = Inter-level travel time spent in this place.
 D = Time resting spent in this place.
 E = Time spent auto-exploring this place.
 F = Levels seen in this place.
 G = Mean time per level.
                   A        B        C        D        E       F      G
               +--------+--------+--------+--------+--------+-----+--------+
         Total |   3712 |   3631 |     81 |    439 |   2470 |   4 |  928.0 |
       Dungeon |   3712 |   3631 |     81 |    439 |   2470 |   4 |  928.0 |
               +--------+--------+--------+--------+--------+-----+--------+

Top non-repeatable levels by time:
     D:2: 1783 daAuts
     D:3: 1032 daAuts
     D:1: 734 daAuts
     D:4: 161 daAuts
